Map: Acid Plant LE

Players

Ireniicus

  • Race: Zerg Zerg
  • League: Platinum
  • Spawn Location: 5:00

SCHardNips - Winner!

  • Race: Protoss Protoss
  • League: Platinum
  • Spawn Location: 11:00

VOD

Have the link to the VOD?

Description

I'm trying to learn Protoss cheese on an alternate account. I'm completely sloppy in my execution but the desperation is fun to watch.

Time

  • Played on: July 21, 2018, 8:49 p.m.
  • Length: 8:16
Show
View Real Time Build Order
Export as new Build Order

Ireniicus Zerg 

Build Orders: Pool First 

Get SALT Encoding   

  12  0:02  Drone  
  13  0:12  Overlord  
  13  0:19  Drone  
  14  0:34  Drone x2  
  14  0:35  Drone  
  17  0:46  Spawning Pool  
  17  0:49  Drone  
  17  1:13  Extractor  
  16  1:32  Zergling x4  
  17  1:33  Queen, Zergling x2  
  21  1:42  Hatchery  
  19  2:21  Zergling x4  
  19  2:22  Zergling x2  
  22  2:43  Hatchery  
  21  2:53  Queen  
  21  2:55  Drone x4  
  27  2:59  Drone  
  27  3:00  Overlord  
  28  3:30  Overlord x2  
  28  3:33  Drone  
  29  3:40  Drone x3  
  32  3:45  Metabolic Boost  
  32  4:12  Drone x4, Spore Crawler  
  32  4:13  Drone  
  34  4:43  Drone x3  
  37  4:45  Overlord  
  37  4:46  Overlord x3  
  37  4:47  Extractor  
  36  4:53  Drone x5  
  36  4:59  Lair  
  41  5:03  Drone x4  
  45  5:10  Queen  
  47  5:44  Drone x5  
  47  5:45  Drone x8  
  60  5:53  Overlord x3  
  60  5:54  Overlord  
  60  6:04  Extractor x2  
  58  6:05  Hydralisk Den  
  58  6:08  Evolution Chamber  
  58  6:09  Overseer  
  56  6:31  Queen x2  
  56  6:32  Queen  
  59  6:37  Muscular Augments, Hydralisk x6  
  59  6:38  Hydralisk  
  74  6:46  Hydralisk  
  74  6:47  Zergling x2  
  74  6:48  Zergling x10  
  82  7:00  Hydralisk, Zergling x8  
  82  7:01  Hydralisk  
  74  7:28  Zergling x4  
  74  7:29  Zergling x12  
  70  7:30  Hydralisk x2, Zergling x2  
  66  7:42  Hydralisk x6  
  78  7:50  Hydralisk x2  
Show
View Real Time Build Order
Export as new Build Order

SCHardNips Protoss - Winner!

Build Orders:  

Get SALT Encoding   

  12  0:01  Probe  
  13  0:13  Probe  
  14  0:20  Pylon  
  14  0:25  Probe  
  15  0:38  Probe  
  15  0:41  Forge  
  16  0:50  Probe  
  17  1:06  Pylon, Probe  
  18  1:14  Probe  
  18  1:16  Gateway  
  19  1:36  Photon Cannon  
  19  1:37  Photon Cannon  
  19  1:40  Probe  
  19  1:43  Assimilator  
  20  1:51  Assimilator  
  20  1:52  Probe  
  21  2:03  Photon Cannon  
  20  2:15  Photon Cannon  
  20  2:18  Probe  
  21  2:26  Pylon  
  21  2:28  Probe  
  21  2:34  Pylon  
  22  2:40  Probe  
  23  2:46  Cybernetics Core  
  23  3:42  Pylon  
  23  4:08  Robotics Facility  
  23  4:10  Robotics Facility  
  23  4:14  Pylon  
  23  4:25  Robotics Facility  
  23  4:45  Immortal  
  23  4:47  Immortal  
  23  4:53  Pylon  
  23  4:54  Pylon  
  31  5:02  Immortal  
  35  5:26  Immortal  
  43  5:28  Immortal  
  43  5:32  Immortal  
  47  6:05  Immortal, Warp Prism  
  53  6:17  Pylon  
  53  6:35  Immortal  
  53  6:37  Immortal  
Tags
 
Add a new tag
Caveats
  • Supply blocks, unpowered buildings, or Contaminate may cause inaccurate times.
  • Supply counts are checked every 10 seconds.